[Event "Titled Tuesday Blitz March 29 Early 2022"]
[White "Zhao, Jun"]
[Black "Andreikin, Dmitry"]
[WhiteFideId "8602522"]
[BlackFideId "4158814"]
[WhiteElo "2547"]
[BlackElo "2736"]
[Result "0-1"]
[Round "07"]
[TimeControl "180+1"]
[Date "2022.03.29"]
[WhiteClock "0:00:04"]
[BlackClock "0:00:06"]

1. d4 d5 2. Bf4 Nf6 3. e3 c5 4. Nf3 Nc6 5. Nbd2 g6 6. c3 Bg7 7. Be2 O-O 8. O-O Nd7 9. Re1 e5 10. dxe5 Ndxe5 11. Nxe5 Nxe5 12. Nf3 Nc6 13. Qb3 Qb6 14. Rad1 Be6 15. Qxb6 axb6 16. a3 Rac8 17. Ng5 Rfd8 18. Nxe6 fxe6 19. h4 Kf7 20. h5 Be5 21. Bxe5 Nxe5 22. f4 Nd7 23. Bf3 Nf6 24. hxg6+ hxg6 25. Kf2 b5 26. g4 b4 27. g5 Ne8 28. Rh1 Ng7 29. axb4 cxb4 30. Rd3 bxc3 31. bxc3 Rc4 32. Rb1 Rb8 33. Rxd5 Rxc3 34. Rd7+ Kf8 35. Rh1 Kg8 36. Rh6 Rc2+ 37. Be2 Rf8 38. Rxb7 Rf7 39. Rb8+ Rf8 40. Rxf8+ Kxf8 41. Rxg6 Kf7 42. Rf6+ Ke7 43. Kf3 Rc3 44. Kf2 Rc2 45. Ke1 Rc3 46. Kd2 Ra3 47. Bd3 Ra2+ 48. Kc3 Ra3+ 49. Kc2 Ra2+ 50. Kb3 Rg2 51. Kc3 Rg3 52. Kd4 e5+ 53. Ke4 exf4 54. exf4 Ne6 55. Bc4 Nxg5+ 56. fxg5 Rxg5 57. Re6+ Kd7 58. Rh6 Kc7 59. Kd4 Kd7 60. Bd5 Ke7 61. Kc5 Rg1 62. Re6+ Kd7 63. Rf6 Rc1+ 64. Bc4 Rd1 65. Rf7+ Ke8 66. Rh7 Kf8 67. Bd5 Rg1 68. Kd6 Rg6+ 69. Be6 Rg1 70. Rf7+ Ke8 71. Rc7 Rd1+ 72. Bd5 Kf8 73. Rf7+ Ke8 74. Rg7 Rf1 0-1


[Site "https://www.chess.com"]

[Event "Titled Tuesday Blitz March 29 Early 2022"]
[White "Zhigalko, Sergei"]
[Black "Hebden, Mark L"]
[WhiteFideId "13502956"]
[BlackFideId "400084"]
[WhiteElo "2662"]
[BlackElo "2457"]
[Result "0-1"]
[Round "07"]
[TimeControl "180+1"]
[Date "2022.03.29"]
[WhiteClock "0:00:08"]
[BlackClock "0:00:08"]

1. e4 e5 2. Nf3 Nc6 3. Bc4 Nf6 4. d3 Be7 5. O-O O-O 6. Nbd2 d6 7. c3 Na5 8. Bb5 a6 9. Ba4 b5 10. Bc2 c5 11. Re1 Re8 12. h3 Bb7 13. Nf1 h6 14. Ng3 Bf8 15. d4 cxd4 16. cxd4 exd4 17. Nxd4 d5 18. e5 Ne4 19. Bf4 Nc4 20. Nxe4 dxe4 21. Bxe4 Bxe4 22. Rxe4 Qd5 23. Qf3 Nxb2 24. Bxh6 Nc4 25. Bf4 Rad8 26. Rae1 Bc5 27. Nf5 Re6 28. Bg3 Nd2 29. Qg4 Rg6 30. Qh4 Nxe4 31. Rxe4 Re8 32. Kh2 Qxa2 33. Qh5 Bxf2 34. Bxf2 Qxf2 35. Rg4 Qe2 36. Nd6 Qxe5+ 37. Qxe5 Rxe5 38. Rd4 Re2 39. h4 Rgxg2+ 40. Kh1 Rh2+ 41. Kg1 Reg2+ 42. Kf1 Rd2 43. Rxd2 Rxd2 44. Nf5 b4 45. Ne3 Kh7 46. Nc4 Rh2 47. h5 Rxh5 48. Nd6 Rb5 49. Nc4 b3 50. Nb2 a5 51. Ke2 a4 52. Nc4 b2 53. Na3 b1=Q 54. Nxb1 Rxb1 0-1


[Site "https://www.chess.com"]

[Event "Titled Tuesday Blitz March 29 Early 2022"]
[White "parintele_chess"]
[Black "Yanayt, Eugene"]
[BlackFideId "2020165"]
[WhiteElo "2246"]
[BlackElo "2046"]
[Result "1/2-1/2"]
[Round "07"]
[TimeControl "180+1"]
[Date "2022.03.30"]
[WhiteClock "0:02:38"]
[BlackClock "0:02:17"]

1. d4 Nf6 2. Bf4 d6 3. Nc3 c5 4. e3 g6 5. Bd3 Bg7 6. h4 Nc6 7. h5 cxd4 8. exd4 Nxd4 9. hxg6 fxg6 10. Bxg6+ hxg6 11. Rxh8+ Bxh8 12. Qxd4 e5 13. Qd3 Bf5 14. Qb5+ Bd7 15. Qd3 Bf5 16. Qb5+ Bd7 17. Qd3 Bf5 1/2-1/2


[Site "https://www.chess.com"]

[Event "Titled Tuesday Blitz March 29 Early 2022"]
[White "Abdusattorov, Nodirbek"]
[Black "Murzin, Volodar"]
[WhiteFideId "14204118"]
[BlackFideId "44155573"]
[WhiteElo "2663"]
[BlackElo "2585"]
[Result "1/2-1/2"]
[Round "08"]
[TimeControl "180+1"]
[Date "2022.03.29"]
[WhiteClock "0:00:21"]
[BlackClock "0:00:41"]

1. c4 c6 2. Nc3 d5 3. cxd5 cxd5 4. d4 e6 5. Bf4 Bd6 6. Bg3 Ne7 7. e3 Nf5 8. Bxd6 Nxd6 9. Bd3 Nc6 10. Nf3 O-O 11. O-O Bd7 12. Rc1 Rc8 13. Qb3 Qb6 14. Qa3 Nb4 15. Be2 Rfd8 16. Ne5 Be8 17. h3 f6 18. Nd3 Nxd3 19. Bxd3 Nc4 20. Bxc4 Rxc4 21. b3 Rc7 22. Ne2 Rdc8 23. Nf4 g5 24. Nd3 Bb5 25. Rxc7 Rxc7 26. Rd1 Bxd3 27. Rxd3 Rc2 28. Rd1 Kf7 29. Qa4 Ke7 30. Qa3+ Kf7 31. Qa4 Ke7 32. Qa3+ Kf7 1/2-1/2


[Site "https://www.chess.com"]

[Event "Titled Tuesday Blitz March 29 Early 2022"]
[White "Agasarov, Benik"]
[Black "Sarkar, Justin"]
[WhiteFideId "13314823"]
[BlackFideId "2010011"]
[WhiteElo "2533"]
[BlackElo "2038"]
[Result "0-1"]
[Round "08"]
[TimeControl "180+1"]
[Date "2022.03.30"]
[WhiteClock "0:00:21"]
[BlackClock "0:00:06"]

1. e4 c5 2. Nf3 d6 3. d4 cxd4 4. Nxd4 Nf6 5. Nc3 g6 6. Be3 Bg7 7. f3 Nc6 8. Qd2 Bd7 9. O-O-O Rc8 10. Bc4 Nxd4 11. Qxd4 O-O 12. Qd3 Qa5 13. Bb3 b5 14. Bd4 b4 15. Nd5 Nxd5 16. Bxd5 Bb5 17. Qd2 Ba4 18. b3 Bb5 19. Kb1 e6 20. Bxg7 Kxg7 21. Qd4+ Kg8 22. Bc4 Bxc4 23. bxc4 Rc6 24. h4 Rfc8 25. h5 Rxc4 26. Qa1 Rxc2 27. hxg6 fxg6 28. Rxh7 e5 29. Rdh1 b3 30. Rh8+ Kf7 31. axb3 Rc1+ 32. Rxc1 Rxc1+ 33. Kxc1 Qxa1+ 34. Kd2 Qb2+ 35. Ke3 Qxb3+ 36. Kf2 Qb2+ 37. Kg3 a5 38. Rh7+ Kf6 39. Rd7 Qb4 40. Kg4 a4 41. g3 a3 42. Ra7 Qb3 43. Ra6 a2 44. Rxd6+ Qe6+ 45. Rxe6+ Kxe6 46. Kg5 a1=Q 47. Kxg6 Qg1 48. g4 Qg3 49. g5 Qxf3 50. Kh7 Kf7 51. g6+ Kf6 52. g7 Qh5+ 53. Kg8 Qf7+ 54. Kh7 Qxg7# 0-1


[Site "https://www.chess.com"]

[Event "Titled Tuesday Blitz March 29 Early 2022"]
[White "Al-Tarboush, Ward"]
[Black "Heinemann, Josefine"]
[WhiteFideId "7601450"]
[BlackFideId "12900460"]
[WhiteElo "2276"]
[BlackElo "2300"]
[Result "0-1"]
[Round "08"]
[TimeControl "180+1"]
[Date "2022.03.30"]
[WhiteClock "0:02:35"]
[BlackClock "0:00:29"]

1. e4 c5 2. Nf3 d6 3. d4 cxd4 4. Nxd4 Nf6 5. Nc3 a6 6. h3 e5 7. Nde2 h5 8. Be3 Be6 9. Nd5 Bxd5 10. exd5 Nbd7 11. Nc3 g6 12. a4 Rc8 13. Be2 Qc7 14. O-O Bg7 15. a5 O-O 16. Qd2 Nc5 17. Rfc1 Nce4 18. Nxe4 Nxe4 19. Qd3 f5 20. c4 Nc5 21. Qd1 f4 22. Bxc5 Qxc5 23. Bf3 e4 24. Bxe4 f3 25. Bxf3 Bxb2 26. Qc2 Bxa1 27. Rxa1 Rf6 28. Rb1 Rc7 29. Qe4 Qxc4 30. Qe8+ Kg7 31. Re1 Qf4 32. Qd8 Rff7 33. Re8 Rc1+ 34. Bd1 Rxd1+ 0-1


[Site "https://www.chess.com"]

[Event "Titled Tuesday Blitz March 29 Early 2022"]
[White "Ambartsumova, Karina"]
[Black "Aaditya Dhingra"]
[WhiteFideId "4166299"]
[BlackFideId "25678191"]
[WhiteElo "2262"]
[BlackElo "1849"]
[Result "0-1"]
[Round "08"]
[TimeControl "180+1"]
[Date "2022.03.30"]
[WhiteClock "0:00:08"]
[BlackClock "0:00:22"]

1. e4 e5 2. Nf3 Nc6 3. Bc4 Nf6 4. O-O Be7 5. d4 d6 6. Nc3 Bg4 7. Bb5 Bxf3 8. Qxf3 exd4 9. Ne2 O-O 10. Bxc6 bxc6 11. Nxd4 c5 12. Nf5 Nd7 13. Qg3 g6 14. Bh6 Re8 15. Rae1 Bf6 16. c3 Rb8 17. b3 Kh8 18. Ne3 Bxc3 19. Rc1 Bd4 20. f3 Nf6 21. Kh1 Nh5 22. Qe1 c6 23. Qd2 Qh4 24. Kg1 Ng3 25. hxg3 Qxh6 26. Rfe1 d5 27. Qd3 dxe4 28. fxe4 f5 29. Rxc5 Rxe4 30. Rc3 Rbe8 0-1


[Site "https://www.chess.com"]

[Event "Titled Tuesday Blitz March 29 Early 2022"]
[White "Andreikin, Dmitry"]
[Black "Nakamura, Hikaru"]
[WhiteFideId "4158814"]
[BlackFideId "2016192"]
[WhiteElo "2736"]
[BlackElo "2850"]
[Result "1-0"]
[Round "08"]
[TimeControl "180+1"]
[Date "2022.03.29"]
[WhiteClock "0:01:14"]
[BlackClock "0:00:59"]

1. d4 Nf6 2. Nf3 d5 3. c4 dxc4 4. e3 e6 5. Bxc4 a6 6. O-O c5 7. Be2 Nc6 8. dxc5 Bxc5 9. Qxd8+ Kxd8 10. b3 b6 11. Nc3 b5 12. Bb2 Bb7 13. Ng5 Ke8 14. Bf3 Be7 15. Rac1 Nd8 16. Nce4 Nd5 17. Rfd1 f6 18. Nh3 Rc8 19. Rxc8 Bxc8 20. Nf4 Nxf4 21. exf4 Nb7 22. Bh5+ g6 23. Bf3 Rf8 24. h4 Kf7 25. Rc1 Nd6 26. Rc7 Nxe4 27. Ba3 Nd2 28. Bc6 Bd7 29. Rxd7 Re8 30. Bxe7 Rxe7 31. Rxd2 1-0


[Site "https://www.chess.com"]

[Event "Titled Tuesday Blitz March 29 Early 2022"]
[White "Aradhya, Garg"]
[Black "Aravindh, Chithambaram VR."]
[WhiteFideId "25006746"]
[BlackFideId "5072786"]
[WhiteElo "2169"]
[BlackElo "2561"]
[Result "0-1"]
[Round "08"]
[TimeControl "180+1"]
[Date "2022.03.29"]
[WhiteClock "0:00:31"]
[BlackClock "0:01:02"]

1. d4 g6 2. e4 Bg7 3. Nf3 d6 4. Bc4 Nf6 5. Qe2 Nc6 6. O-O Bg4 7. c3 e5 8. d5 Ne7 9. h3 Bd7 10. a4 a5 11. Kh2 O-O 12. Bd3 Nh5 13. Ng1 Qe8 14. g3 f5 15. c4 fxe4 16. Bxe4 Nf5 17. Nc3 Nd4 18. Qd1 Nf6 19. Bg2 Bf5 20. Be3 Nc2 21. Rc1 Nxe3 22. fxe3 e4 23. Nge2 Qe7 24. Nd4 Bd7 25. Qe2 Nh5 26. Nxe4 Be5 27. Ne6 Bxe6 28. dxe6 Qxe6 29. Qg4 Qe7 30. b3 c6 31. Rxf8+ Rxf8 32. Rf1 Rxf1 33. Bxf1 d5 34. cxd5 cxd5 35. Qg5 Bxg3+ 36. Kg1 Qxe4 37. Qd8+ Kg7 38. Qd7+ Kh6 0-1


[Site "https://www.chess.com"]

[Event "Titled Tuesday Blitz March 29 Early 2022"]
[White "Atakhan, Abtin"]
[Black "Dushyant Sharma"]
[WhiteFideId "22502203"]
[BlackFideId "25065130"]
[WhiteElo "2119"]
[BlackElo "2105"]
[Result "1-0"]
[Round "08"]
[TimeControl "180+1"]
[Date "2022.03.29"]
[WhiteClock "0:00:03"]
[BlackClock "0:00:03"]

1. Nf3 d5 2. c4 e6 3. g3 Nf6 4. Bg2 Be7 5. O-O O-O 6. b3 c5 7. Bb2 d4 8. e3 Nc6 9. exd4 cxd4 10. Re1 Bc5 11. Ne5 Nxe5 12. Rxe5 Bd6 13. Rb5 e5 14. d3 a6 15. Rxb7 Bxb7 16. Bxb7 Ra7 17. Bg2 a5 18. a3 Qb6 19. Nd2 Rb8 20. Rb1 h6 21. Qe2 Nd7 22. Ne4 Be7 23. Bc1 f5 24. Nd2 Qf6 25. Bd5+ Kh7 26. Nf3 Bd6 27. Nh4 Nc5 28. b4 Na4 29. Bd2 axb4 30. axb4 Nc3 31. Bxc3 dxc3 32. b5 Qg5 33. Nxf5 Bc5 34. Be4 Kh8 35. Nh4 Bd4 36. Nf3 Qf6 37. Qc2 Rc7 38. Ra1 Rf8 39. Kg2 Rcf7 40. Ra6 Qd8 41. h4 Qd7 42. Bd5 Rf5 43. Qe2 Qc7 44. Rc6 Qd7 45. Be4 R5f7 46. Bd5 Rf5 47. b6 c2 48. Rc7 Qxc7 49. bxc7 c1=Q 50. Be6 R5f6 51. c8=Q Rxc8 52. Bxc8 Qb2 53. Nxd4 Qxd4 54. Bb7 Rd6 55. Be4 Rf6 56. Qa2 Rf8 57. Qe2 Qc5 58. Qe3 Qb4 59. Qa7 Qb2 60. Qe3 Qc3 61. h5 Qb2 62. Bg6 Qc3 63. c5 Qc2 64. Be4 Qc3 65. c6 Qc2 66. Qa7 Rc8 67. Qb7 Rf8 68. Qb6 Rc8 69. Qe3 Rf8 70. d4 Qc4 71. dxe5 Re8 72. Qf4 Qc5 73. Qf5 Kg8 74. Qh7+ Kf8 75. Qh8+ Ke7 76. Qxg7+ Kd8 77. Qd7# 1-0


[Site "https://www.chess.com"]

[Event "Titled Tuesday Blitz March 29 Early 2022"]
[White "Avila Pavas, Santiago"]
[Black "Mortazavi, Ali"]
[WhiteFideId "4437128"]
[BlackFideId "401323"]
[WhiteElo "2242"]
[BlackElo "2339"]
[Result "0-1"]
[Round "08"]
[TimeControl "180+1"]
[Date "2022.03.29"]
[WhiteClock "0:00:08"]
[BlackClock "0:00:27"]

1. d4 Nf6 2. Nf3 g6 3. Bg5 Bg7 4. Nbd2 O-O 5. e4 d6 6. c3 c5 7. dxc5 dxc5 8. Bc4 Nc6 9. Qe2 h6 10. Bxf6 exf6 11. O-O-O Qc7 12. Nf1 a6 13. Ne3 b5 14. Bd5 Rb8 15. h4 b4 16. c4 b3 17. a3 f5 18. exf5 Nd4 19. Nxd4 cxd4 20. fxg6 dxe3 21. Qxe3 Bf5 22. gxf7+ Kh8 23. g4 Bc2 24. f4 Bxd1 25. Rxd1 Rbd8 26. Qe4 Qc5 27. Qf3 Rd6 28. g5 Rfd8 29. Qxb3 Rxd5 30. Rxd5 Rxd5 31. Qb8+ Kh7 32. Qg8+ Kg6 33. f8=Q Qxc4+ 0-1


[Site "https://www.chess.com"]

[Event "Titled Tuesday Blitz March 29 Early 2022"]
[White "Babazada, Khazar"]
[Black "Fier, Alexandr"]
[WhiteFideId "13413554"]
[BlackFideId "2107139"]
[WhiteElo "2418"]
[BlackElo "2571"]
[Result "0-1"]
[Round "08"]
[TimeControl "180+1"]
[Date "2022.03.29"]
[WhiteClock "0:00:19"]
[BlackClock "0:01:07"]

1. Nf3 Nf6 2. b3 g6 3. Bb2 Bg7 4. g4 c5 5. g5 Nh5 6. Bxg7 Nxg7 7. Qc1 d5 8. Qb2 d4 9. Na3 Nc6 10. O-O-O a5 11. e3 a4 12. Bb5 axb3 13. axb3 O-O 14. Rde1 Nb4 15. exd4 Qa5 16. Ba4 Ne6 17. Ne5 cxd4 18. Nec4 Qxg5 19. Re5 Qg2 20. Rhe1 Qxf2 21. h4 Qxh4 22. Kb1 b6 23. Nxb6 Rb8 24. Nxc8 Rfxc8 25. Bd7 Rc5 26. R5e4 Qf2 27. Bxe6 fxe6 28. Qxd4 Qxd4 29. Rxd4 e5 30. Rd7 Nc6 31. d3 h5 32. Nc4 h4 33. Rh1 g5 34. Nd2 Ra5 35. Rg1 Kf7 36. Ne4 Rba8 37. Kb2 Nd4 38. Nxg5+ Ke8 39. Rc7 Ra2+ 0-1


[Site "https://www.chess.com"]

[Event "Titled Tuesday Blitz March 29 Early 2022"]
[White "Baches Garcia, Guillermo"]
[Black "Aditya Mittal"]
[WhiteFideId "2209764"]
[BlackFideId "35042025"]
[WhiteElo "2507"]
[BlackElo "2682"]
[Result "0-1"]
[Round "08"]
[TimeControl "180+1"]
[Date "2022.03.30"]
[WhiteClock "0:00:18"]
[BlackClock "0:00:37"]

1. e4 c5 2. Nf3 d6 3. d4 cxd4 4. Nxd4 Nf6 5. Nc3 a6 6. Bd3 e5 7. Nde2 Be7 8. O-O Be6 9. f4 exf4 10. Nxf4 Nc6 11. Nxe6 fxe6 12. Qf3 Ne5 13. Qh3 Qd7 14. Bf4 Ng6 15. Be3 Rc8 16. Rad1 O-O 17. Bd4 Bd8 18. e5 dxe5 19. Bxe5 Nxe5 20. Bxh7+ Nxh7 21. Rxd7 Bb6+ 22. Rf2 Bxf2+ 23. Kh1 Nxd7 24. Qxe6+ Rf7 25. Ne4 Nhf8 26. Qb3 Nc5 27. Nxc5 Bxc5 0-1


[Site "https://www.chess.com"]

[Event "Titled Tuesday Blitz March 29 Early 2022"]
[White "Barrientos, Sergio E"]
[Black "Bortnyk, Olexandr"]
[WhiteFideId "4401824"]
[BlackFideId "14120828"]
[WhiteElo "2397"]
[BlackElo "2723"]
[Result "0-1"]
[Round "08"]
[TimeControl "180+1"]
[Date "2022.03.29"]
[WhiteClock "0:00:16"]
[BlackClock "0:00:08"]

1. d4 d6 2. e4 Nf6 3. f3 e5 4. Ne2 Be7 5. c4 Nfd7 6. Nbc3 Bg5 7. Bxg5 Qxg5 8. h4 Qd8 9. Qd2 a5 10. O-O-O O-O 11. g4 a4 12. a3 Nc6 13. Kb1 Na5 14. Ng3 Nb3 15. Qf2 exd4 16. Nb5 c5 17. Nxd6 Ne5 18. Ngf5 Bxf5 19. Nxf5 Na5 20. Rc1 d3 21. Qxc5 Nxf3 22. Rd1 d2 23. Be2 b6 24. Qe3 Ne5 25. Qc3 Qc7 26. Rxd2 f6 27. g5 Naxc4 28. Rd5 Rac8 29. gxf6 Rxf6 30. Rg1 g6 31. Bxc4 Qxc4 32. Ne7+ Kf7 33. Nxc8 Qxe4+ 34. Ka1 Qxd5 35. Re1 Nc6 36. Nxb6 Qd4 37. Qg3 Qxb6 38. Qd3 Nd4 39. Qc4+ Ne6 40. Rd1 Qc7 41. Qxc7+ Nxc7 42. Rd7+ Ke6 43. Rxc7 h5 44. Rc5 Rf4 45. Rc6+ Kf5 46. Rc5+ Kf6 47. Ra5 Rxh4 48. b4 axb3 49. Kb2 Rg4 50. Rb5 Rg2+ 51. Kxb3 h4 52. Rb8 h3 53. a4 h2 54. Rh8 g5 55. a5 g4 56. a6 Rg3+ 57. Kb2 Rh3 58. Rf8+ Kg7 59. a7 h1=Q 60. a8=Q Qxa8 61. Rxa8 Kf6 62. Kc2 Re3 63. Kd2 Re6 64. Rg8 Kf5 65. Kd1 Kf4 66. Rf8+ Kg3 67. Rg8 Kf3 68. Rf8+ Kg2 69. Rf4 g3 70. Rd4 Kf2 71. Rd2+ Kf1 72. Rd7 Rf6 73. Rf7 Rxf7 0-1


[Site "https://www.chess.com"]

[Event "Titled Tuesday Blitz March 29 Early 2022"]
[White "Borodavkin, Anatoly"]
[Black "Lakshmi C"]
[WhiteFideId "14150662"]
[BlackFideId "25035347"]
[WhiteElo "1845"]
[BlackElo "1775"]
[Result "0-1"]
[Round "08"]
[TimeControl "180+1"]
[Date "2022.03.30"]
[WhiteClock "0:00:01"]
[BlackClock "0:00:05"]

1. e4 e5 2. Nf3 Nc6 3. Bb5 a6 4. Ba4 d6 5. O-O Bd7 6. c3 Nge7 7. d4 b5 8. Bb3 Ng6 9. Ng5 f6 10. Nf7 Qe7 11. Nxh8 Nxh8 12. dxe5 dxe5 13. Be3 g6 14. a4 Rb8 15. axb5 axb5 16. Nd2 h5 17. f4 exf4 18. Bxf4 Bg4 19. Nf3 g5 20. Bg3 h4 21. Bf2 Ng6 22. Qd5 Bd7 23. Rfe1 Nf4 24. Qd2 Rd8 25. Nd4 Ne5 26. Rad1 h3 27. g3 Ne6 28. Bxe6 Bxe6 29. Re3 c5 30. Qe2 cxd4 31. Qxb5+ Bd7 32. Qe2 dxe3 33. Bxe3 Ng4 34. Bd4 Qe6 35. e5 fxe5 36. Bb6 Rc8 37. Qd3 Qxb6+ 38. Kh1 Bc6+ 39. Qd5 Bxd5+ 40. Rxd5 Qf2 41. Rxe5+ Kf7 0-1


[Site "https://www.chess.com"]

[Event "Titled Tuesday Blitz March 29 Early 2022"]
[White "Brodowski, Piotr"]
[Black "Vovk, Orest"]
[WhiteFideId "1124480"]
[BlackFideId "14113490"]
[WhiteElo "2422"]
[BlackElo "2203"]
[Result "1-0"]
[Round "08"]
[TimeControl "180+1"]
[Date "2022.03.30"]
[WhiteClock "0:00:08"]
[BlackClock "0:00:01"]

1. e4 Nf6 2. e5 Nd5 3. d4 d6 4. Nf3 dxe5 5. Nxe5 c6 6. Be2 Bf5 7. O-O Nd7 8. Nf3 e6 9. a3 Be7 10. c4 Nc7 11. Nc3 O-O 12. Bf4 Bf6 13. h3 h6 14. Qd2 c5 15. Rad1 Bh7 16. dxc5 e5 17. Bg3 Nxc5 18. Nxe5 Qxd2 19. Rxd2 N7e6 20. Bf3 Nb3 21. Rd7 Nec5 22. Rc7 Rac8 23. Rxc8 Rxc8 24. Nd5 Bd8 25. Bg4 Ra8 26. Re1 Ba5 27. Re3 Bd2 28. Rf3 f6 29. Rxb3 Nxb3 30. Be6+ Kf8 31. Nd7+ Ke8 32. Bd6 Rc8 33. N7xf6+ gxf6 34. Bxc8 Bd3 35. Bxb7 Bxc4 36. Nxf6+ Kf7 37. Ne4 Bc1 38. Be5 Bd3 39. Ng3 Nc5 40. Bd5+ Kg6 41. Bd4 Na4 42. b3 Nb6 43. Bxb6 axb6 44. a4 Kf6 45. Be4 Ba6 46. Bf3 Ke5 47. Ne2 Bxe2 48. Bxe2 Kd4 49. Bc4 Ke5 50. g3 Bd2 51. Kg2 Be1 52. f4+ Ke4 53. Ba6 Bd2 54. Bb7+ Ke3 55. h4 Bc3 56. Kh3 Bb4 57. Kg4 Kf2 58. f5 Be7 59. Bc6 Bf6 60. b4 Bc3 61. b5 Bf6 62. Kh5 Kxg3 63. Kg6 1-0


[Site "https://www.chess.com"]

[Event "Titled Tuesday Blitz March 29 Early 2022"]
[White "Buscar, Michael"]
[Black "Gurevich, Dmitry"]
[WhiteFideId "2603616"]
[BlackFideId "2000407"]
[WhiteElo "2010"]
[BlackElo "2506"]
[Result "1-0"]
[Round "08"]
[TimeControl "180+1"]
[Date "2022.03.30"]
[WhiteClock "0:00:07"]
[BlackClock "0:00:03"]

1. Nf3 Nf6 2. g3 d5 3. Bg2 c6 4. O-O Bf5 5. c4 e6 6. cxd5 exd5 7. d3 Be7 8. Bf4 Nbd7 9. Nbd2 O-O 10. Nb3 h6 11. Nbd4 Bh7 12. Ne5 Nxe5 13. Bxe5 Nd7 14. Bf4 Bf6 15. Be3 Re8 16. Rb1 a5 17. Nb3 a4 18. Nc5 d4 19. Nxd7 Qxd7 20. Bf4 Re7 21. Bf3 g5 22. Bd2 Bf5 23. Bb4 Ree8 24. Re1 g4 25. Bg2 Qe6 26. a3 Qd7 27. Bd2 Kg7 28. Qc1 h5 29. Bh6+ Kg6 30. Bf4 Be5 31. Bh6 f6 32. Qd2 Bd6 33. Rbc1 Re7 34. Bf4 Qc7 35. Bxd6 Qxd6 36. Rc4 Be6 37. Rb4 Ra7 38. Qf4 Qxf4 39. gxf4 Rd7 40. Rc1 f5 41. Rc5 Kf6 42. Kf1 Bb3 43. Ke1 Ra8 44. Kd2 Rad8 45. Re5 Rc7 46. Rc5 Re7 47. Bf1 h4 48. Rb6 Rde8 49. Rb4 Rd8 50. e4 dxe3+ 51. fxe3 Rde8 52. e4 fxe4 53. dxe4 Rxe4 54. Rxb7 Rxf4 55. Rxc6+ Re6 56. Rxe6+ Kxe6 57. Rb6+ Kd5 58. Ke1 Re4+ 59. Kf2 Rf4+ 60. Kg1 Kc5 61. Rb5+ Kd4 62. Rh5 1-0


[Site "https://www.chess.com"]

[Event "Titled Tuesday Blitz March 29 Early 2022"]
[White "Carrasco Miranda, Andres"]
[Black "Mena, Ailen Oriana"]
[WhiteFideId "3405990"]
[BlackFideId "3902773"]
[WhiteElo "2177"]
[BlackElo "1534"]
[Result "1-0"]
[Round "08"]
[TimeControl "180+1"]
[Date "2022.03.30"]
[WhiteClock "0:01:28"]
[BlackClock "0:00:12"]

1. d4 d5 2. c4 e6 3. Nf3 Be7 4. g3 Nf6 5. Bg2 O-O 6. O-O dxc4 7. Qc2 b5 8. a4 b4 9. Nfd2 c6 10. Nxc4 Qxd4 11. Rd1 Qc5 12. Be3 Qh5 13. Nbd2 Ng4 14. Nf3 Nxe3 15. Nxe3 Bb7 16. Nd4 Bf6 17. Rac1 a5 18. Bf3 Qg6 19. Be4 Qh5 20. Nc4 Qc5 21. Nb3 Qh5 22. Bf3 Qg6 23. Be4 Qh5 24. Bf3 Qg6 25. Qxg6 hxg6 26. Nbxa5 Ba6 27. b3 Rc8 28. Nb6 1-0


[Site "https://www.chess.com"]

[Event "Titled Tuesday Blitz March 29 Early 2022"]
[White "Chernomordik, Pavel"]
[Black "Grebeniuk, Semen"]
[WhiteFideId "2804530"]
[BlackFideId "14117509"]
[WhiteElo "2249"]
[BlackElo "2234"]
[Result "0-1"]
[Round "08"]
[TimeControl "180+1"]
[Date "2022.03.30"]
[WhiteClock "0:01:20"]
[BlackClock "0:01:40"]

1. e4 d5 2. exd5 Qxd5 3. Nc3 Qa5 4. Bc4 Nf6 5. Qe2 c6 6. Nf3 Bg4 7. Bxf7+ Kxf7 8. Ne5+ Kg8 9. Nxg4 Qf5 10. Ne3 Qg6 11. Qc4+ Qf7 12. d3 Nbd7 13. O-O e6 14. Re1 Re8 15. Bd2 h5 16. Ne4 Nb6 17. Qb3 Nxe4 18. dxe4 Bd6 19. Rad1 h4 20. Nf1 h3 21. g3 Bc5 22. Bf4 g5 23. Be5 Qxf2+ 0-1


[Site "https://www.chess.com"]

[Event "Titled Tuesday Blitz March 29 Early 2022"]
[White "Coelho, Ramyres Santana"]
[Black "Bashirli, Saadat"]
[WhiteFideId "2120690"]
[BlackFideId "13429990"]
[WhiteElo "1888"]
[BlackElo "1173"]
[Result "1-0"]
[Round "08"]
[TimeControl "180+1"]
[Date "2022.03.30"]
[WhiteClock "0:00:21"]
[BlackClock "0:00:02"]

1. e4 c5 2. Nf3 g6 3. d4 cxd4 4. Nxd4 Nc6 5. Nc3 Bg7 6. Be3 Nf6 7. f3 O-O 8. Bc4 Qb6 9. Ncb5 a6 10. Nf5 Qa5+ 11. Bd2 Qd8 12. Nxg7 axb5 13. Bxb5 Kxg7 14. Qc1 Kg8 15. h4 Nd4 16. Bd3 Qc7 17. Kf2 d6 18. h5 Be6 19. hxg6 fxg6 20. Bc3 Nc6 21. Ke1 Rf7 22. Qh6 Rg7 23. Kd2 Rd8 24. g4 g5 25. Bxf6 exf6 26. Qxf6 Qf7 27. Qh6 Qxf3 28. Raf1 Qxg4 29. Rfg1 Qf4+ 30. Ke1 Bg4 31. Bc4+ Kh8 32. Rxg4 Qxg4 33. Bd5 Qg3+ 34. Kd1 Qg4+ 35. Kc1 Nd4 36. Qf6 Qf4+ 37. Qxf4 gxf4 38. c3 1-0


[Site "https://www.chess.com"]

[Event "Titled Tuesday Blitz March 29 Early 2022"]
[White "Costachi, Mihnea"]
[Black "Guz, Ari"]
[WhiteFideId "1217518"]
[BlackFideId "2825759"]
[WhiteElo "2464"]
[BlackElo "1913"]
[Result "1-0"]
[Round "08"]
[TimeControl "180+1"]
[Date "2022.03.29"]
[WhiteClock "0:00:20"]
[BlackClock "0:00:02"]

1. d4 d5 2. c4 e6 3. Nc3 a6 4. cxd5 exd5 5. Qb3 c6 6. e4 Nf6 7. e5 Ng8 8. f4 Ne7 9. Nf3 Nf5 10. Bd3 Be7 11. O-O h5 12. Qc2 g6 13. Ne2 h4 14. Bd2 Be6 15. b4 Nd7 16. a4 Rc8 17. a5 Kf8 18. Qc1 Kg7 19. Qe1 Qf8 20. Rb1 Rh5 21. g4 hxg3 22. Nxg3 Qh8 23. Nxh5+ Qxh5 24. Qf2 Rh8 25. Qg2 Kf8 26. Rf2 Ke8 27. Kf1 Ne3+ 28. Bxe3 Bh3 29. Ke2 Bxg2 30. Rxg2 Nf8 31. Rg3 Ne6 32. Kd2 Qh7 33. Kc3 Kd7 34. Rf1 Qh6 35. h4 Qf8 36. f5 gxf5 37. Bxf5 Bxb4+ 38. Kc2 Bxa5 39. Ng5 Qa3 40. Bxe6+ fxe6 41. Rf7+ Kc8 42. Nxe6 Qc3+ 43. Kb1 Qd3+ 44. Kc1 Bd2+ 45. Bxd2 Qxg3 46. Bg5 Qg4 47. Rc7+ Kb8 48. Re7 a5 49. Kb2 Qh3 50. Nc5 b6 51. Nd7+ Kc7 52. Nf8+ Kd8 53. Rh7+ Ke8 54. Rxh8 Qg2+ 55. Kb1 Qf1+ 56. Kc2 Qe2+ 57. Bd2 Qc4+ 58. Kd1 Qf1+ 59. Be1 Qd3+ 60. Kc1 Qc4+ 61. Kb1 Qb3+ 62. Kc1 Qa3+ 63. Kd2 Qb4+ 64. Ke2 Qb2+ 65. Bd2 Qc2 66. Ng6+ Kf7 67. Nf4 a4 68. Ra8 Qe4+ 69. Be3 Qc2+ 70. Bd2 Qe4+ 71. Kf2 b5 72. Ra7+ Ke8 73. e6 Qxd4+ 74. Be3 Qb2+ 75. Kg3 d4 76. Ng6 Kd8 77. e7+ Ke8 1-0


[Site "https://www.chess.com"]

[Event "Titled Tuesday Blitz March 29 Early 2022"]
[White "Coto Mederos, Michel"]
[Black "Kobalia, Mikhail"]
[WhiteFideId "3508528"]
[BlackFideId "4119150"]
[WhiteElo "2427"]
[BlackElo "2667"]
[Result "0-1"]
[Round "08"]
[TimeControl "180+1"]
[Date "2022.03.29"]
[WhiteClock "0:00:01"]
[BlackClock "0:00:52"]

1. c4 Nf6 2. Nc3 g6 3. g3 Bg7 4. Bg2 O-O 5. e3 d6 6. Nge2 e5 7. O-O Nc6 8. d3 Bg4 9. h3 Be6 10. Nd5 Rb8 11. Nec3 Qd7 12. Kh2 Nd8 13. Bd2 c6 14. Nxf6+ Bxf6 15. Ne4 Be7 16. f4 f5 17. Nf2 Nf7 18. Qe2 Bf6 19. Rab1 Rbe8 20. b4 exf4 21. gxf4 d5 22. c5 d4 23. e4 fxe4 24. dxe4 g5 25. Nd3 gxf4 26. Bxf4 Bg7 27. a3 Bc4 28. Rbc1 Bb5 29. Qd2 Bxd3 30. Qxd3 Ne5 31. Qg3 Ng6 32. Bd6 Rxf1 33. Bxf1 Be5 34. Bc4+ Kg7 35. Bxe5+ Rxe5 36. Bd3 Qe7 37. Rf1 Rg5 38. Qd6 Qe5+ 39. Qxe5+ Nxe5 40. Rd1 Nf3+ 41. Kh1 Rg3 42. Rf1 Rxh3+ 43. Kg2 Ng5 44. Bc4 Rc3 45. Be2 Rc2 46. Rf2 Nxe4 0-1


[Site "https://www.chess.com"]